 Dungeon Crawl Stone Soup version 0.31-a0-229-g1fc7ce93e2 (webtiles) character file.

Game seed: 5758862481501727590

271 olmar the Ruffian (level 5, -3/60 HPs)
             Began as a Demigod Transmuter on July 6, 2023.
             Slain by an iguana (5 damage)
             ... on level 4 of the Dungeon.
             The game lasted 00:03:43 (2619 turns).

olmar the Ruffian (Demigod Transmuter)              Turns: 2619, Time: 00:03:44

Health: -3/60      AC: 22    Str: 15    XL:     5   Next: 70%
Magic:  11/11      EV:  2    Int: 15    God:
Gold:   111        SH:  0    Dex: 14    Spells: 6/9 levels left

rFire   . .          .
                       - Unarmed
rCold   . . .        (no shield)
rNeg    . . .        g - melded +2 leather armour of Melancholy {rPois Regen+ Dex-2 Stlth+}
rPois   +            (helmet currently unavailable)
rElec   .            (cloak currently unavailable)
rCorr   .            (gloves currently unavailable)
SInv    .            (boots currently unavailable)
Will    .....        (no amulet)
Stlth   +            (no ring)
HPRegen 0.30/turn    (no ring)
MPRegen 0.12/turn

%: no passive effects
@: tree-form, wereblooded (expiring)
A: stationary, stasis, torment immunity, boosted hp, high MP 1, forlorn, divine
attributes
a: no special abilities


You were on level 4 of the Dungeon.
You were a tree.
You visited 1 branch of the dungeon, and saw 4 of its levels.

You collected 111 gold pieces.

Inventory:

Missiles
 m - 4 boomerangs
 q - 3 poisoned darts
Armour
 a - a +0 robe
 g - the +2 leather armour of Melancholy (melded) {rPois Regen+ Dex-2 Stlth+}
   (You found it on level 2 of the Dungeon)

   Dex:       It affects your dexterity (-2).
   rPois:     It protects you from poison.
   Regen:     It increases your rate of health regeneration.
   Stlth:     It makes you more stealthy.
 i - a scarf of harm
Magical Staves
 l - a staff of conjuration
Wands
 h - a wand of acid (5)
 p - a wand of roots (10)
Scrolls
 e - a scroll of fear
 f - 2 scrolls of fog
 j - a scroll of blinking
 k - a scroll of enchant weapon
 o - a scroll of torment
 r - 2 scrolls of identify
Potions
 c - a potion of invisibility
 n - a potion of cancellation


   Skills:
 + Level 1.4 Fighting
 + Level 2.4 Dodging
 + Level 4.7 Unarmed Combat
 + Level 2.7 Spellcasting
 + Level 2.8 Transmutations


You had 6 spell levels left.
You knew the following spells:

 Your Spells              Type           Power      Damage    Failure   Level
a - Beastly Appendage     Tmut           20%        N/A       6%          1
b - Wereblood             Tmut           10%        N/A       10%         2

Your spell library contained the following spells:

 Spells                   Type           Power      Damage    Failure   Level
 Spider Form              Tmut/Pois      6%         N/A       34%         3
 Gell's Gravitas          Tloc           2%         N/A       52%         3
 Teleport Other           Tloc           2%         N/A       52%         3
 Ice Form                 Ice/Tmut       6%         N/A       75%         4
 Dispersal                Tloc           1%         N/A       100%        6


Dungeon Overview and Level Annotations

Branches:
Dungeon (4/15)
 Temple: D:4-7

Shops:
D:1 (   D:3 [


Innate Abilities, Weirdness & Mutations

You are a tree.
Your roots penetrate the ground, keeping you stationary.
You cannot be teleported.
You are immune to unholy pain and torment.
Your maximum health is greatly increased.
Your equipment is partially melded.
You have an increased reservoir of magic. (+10% MP)
You shall have no god before yourself.
Your divine heritage dramatically boosts your attributes as you level up.


Message History

The puff of frost misses you.
Really quaff the potion of lignification?
You turn into a tree.
The +2 leather armour of Melancholy {rPois Regen+ Dex-2 Stlth+} melds into your body.
Your roots penetrate the ground.
The orc barely misses you.
Unknown command.
You smack the orc!
You feel a bit better.
You kill the orc!
You hit the orc.
The orc is heavily wounded.
The orc barely misses you.
You smack the orc!
You feel a bit better.
You kill the orc!
Your primal bloodlust is almost over.
The orc priest casts a cantrip, but nothing happens.
You pummel the white imp!!
You feel a bit better.
You kill the white imp!
The orc priest invokes the aid of Beogh against you.
Beogh smites you!
* * * LOW HITPOINT WARNING * * *
You hit the orc priest.
The orc priest is moderately wounded.
The orc priest hits you but does no damage.
Unknown command.
You barely miss the orc priest.
The orc priest is moderately wounded.
The orc priest begins to cast a cantrip, but forgets the words!
The iguana bites you but does no damage.
Unknown command.
You smack the orc priest!
The orc priest is severely wounded.
The orc priest hits you but does no damage.
The iguana bites you.
* * * LOW HITPOINT WARNING * * *
Unknown command.
You barely miss the orc priest.
The orc priest is severely wounded.
The orc priest hits you but does no damage.
The iguana bites you.
You die...

..........#
..........#
..........#
..........########
.................#
................#
.......o.#.....###
.........#)l.....#
....#..5o.#♣...###
... #.....#o...# .
#..........#
#..#.##....#
##.#......##
###....### #....#
######


You could see an iguana and an orc priest.

Vanquished Creatures
  A scorpion (D:4)
  2 hounds
  An orc wizard (D:3)
  3 gnolls (D:4)
  2 adders (D:3)
  A white imp (D:4)
  2 worms
  A dart slug (D:2)
  6 orcs
  5 endoplasms
  3 giant cockroaches
  8 goblins
  2 hobgoblins
  3 jackals (D:2)
  2 ball pythons
  4 bats (D:1)
  5 frilled lizards
  4 kobolds
  4 rats
59 creatures vanquished.

Notes
Turn   | Place    | Note
-------+----------+-------------------------------------------
     0 | D:1      | olmar the Demigod Transmuter began the quest for the Orb.
     0 | D:1      | Reached XP level 1. HP: 15/15 MP: 5/5
   155 | D:1      | Reached skill level 3 in Unarmed Combat
   306 | D:1      | Reached XP level 2. HP: 17/22 MP: 7/7
   334 | D:1      | You fall into a shaft and drop 1 floor!
   355 | D:2      | Identified the +2 leather armour of Melancholy {rPois
                  | Regen+ Dex-2 Stlth+}
   368 | D:2      | Learned a level 2 spell: Wereblood
   481 | D:1      | Reached skill level 1 in Fighting
   585 | D:1      | Found Gaax's Antique Weapon Emporium.
  1340 | D:2      | Reached XP level 3. HP: 28/28 MP: 5/8
  1858 | D:3      | Reached XP level 4. HP: 29/35 MP: 6/10
  1934 | D:3      | Found Perehi's Antique Armour Shop.
  1960 | D:3      | Reached skill level 4 in Unarmed Combat
  2507 | D:4      | Reached XP level 5. HP: 34/40 MP: 8/11
  2618 | D:4      | HP: 2/60 [iguana (5)]
  2619 | D:4      | Slain by an iguana

Illustrated notes

Levels and vault maps discovered:
D:1:      arrival_zaba_pyramid, layout_basic, serial_shops, shop
D:2:      layout_basic, shapermc_ecumenical_altar_mp_ritualfount
D:3:      layout_loops_corners, vehumet_crystals, serial_shops, shop,
          kennysheep_donut
D:4:      layout_cave_pools, nicolae_qazlal_style_of_elements, uniq_edmund,
          uniq_crazy_yiuf_cottage

Skill      XL: |  1  2  3  4 |
---------------+-------------+-----
Unarmed Combat | 3 4 |  4.7
Spellcasting   | 2 |  2.7
Fighting       | 1 |  1.4
Transmutations | 2 |  2.8
Dodging        | 2 |  2.4

Action                     |  1- 3 |  4- 6 || total
---------------------------+-------+-------++-------
  Melee: Unarmed           |   130 |    69 ||   199
         Kick              |    17 |     6 ||    23
         Headbutt          |    12 |     4 ||    16
         Punch             |     2 |     2 ||     4
   Cast: Beastly Appendage |    14 |     4 ||    18
         Wereblood         |     5 |     3 ||     8
    Use: Scroll            |     6 |     3 ||     9
         Potion            |       |     1 ||     1
   Stab: Sleeping          |     4 |     1 ||     5
         Distracted        |     1 |       ||     1
 Armour: Robe              |     8 |       ||     8
         Leather armour    |    18 |    13 ||    31
         Skin              |       |     4 ||     4
  Dodge: Dodged            |    59 |    33 ||    92

Table legend: (Time is in decaauts)
 A = Elapsed time spent in this place.
 B = Non-inter-level travel time spent in this place.
 C = Inter-level travel time spent in this place.
 D = Time resting spent in this place.
 E = Time spent auto-exploring this place.
 F = Levels seen in this place.
 G = Mean time per level.
                   A        B        C        D        E       F      G
               +--------+--------+--------+--------+--------+-----+--------+
         Total |   2604 |   2548 |     56 |      8 |   1978 |   4 |  651.0 |
       Dungeon |   2604 |   2548 |     56 |      8 |   1978 |   4 |  651.0 |
               +--------+--------+--------+--------+--------+-----+--------+

Top non-repeatable levels by time:
     D:1: 907 daAuts
     D:3: 853 daAuts
     D:2: 698 daAuts
     D:4: 144 daAuts
